 Dungeon Crawl Stone Soup version 0.29.1 (webtiles) character file.

Game seed: 15774395677322083497

8 AttackTheMoon the Trooper (level 2, 0/33 HPs)
             Began as an Ogre Delver on Sept 12, 2022.
             Slain by Sigmund
             ... wielding a +0 scythe
              (9 damage)
             ... on level 5 of the Dungeon.
             The game lasted 00:00:18 (220 turns).

AttackTheMoon the Trooper (Ogre Delver)              Turns: 220, Time: 00:00:19

Health: 0/33       AC:  3    Str: 15    XL:     2   Next: 8%
Magic:  2/2        EV:  9    Int: 11    God:
Gold:   21         SH:  0    Dex: 10    Spells: 1/1 levels left

rFire   . . .      SeeInvis .   a - +0 mace
rCold   . . .      Faith    .   (no shield)
rNeg    . . .      Spirit   .   b - +0 robe
rPois   .          Reflect  .   (helmet restricted)
rElec   .          Harm     .   (no cloak)
rCorr   .          Rampage  .   (gloves unavailable)
Will    .....                   (boots unavailable)
Stlth   ++........              (no amulet)
HPRegen 0.11/turn               (no ring)
MPRegen 0.08/turn               (no ring)

@: hasted, very quick
A: large, unfitting armour, tough skin 1
a: no special abilities


You were on level 5 of the Dungeon.
You visited 1 branch of the dungeon, and saw 1 of its levels.

You collected 21 gold pieces.

Inventory:

Hand Weapons
 a - a +0 mace (weapon)
Armour
 b - a +0 robe (worn)
Wands
 g - a wand of digging (3)
Scrolls
 c - a scroll of fog
 d - a scroll of magic mapping
 e - a scroll of fear


   Skills:
 + Level 4.4 Fighting
 + Level 2.1 Maces & Flails
 - Level 1.7 Dodging
 - Level 3.7 Stealth


You had one spell level left.
You didn't know any spells.
Your spell library was empty.

Dungeon Overview and Level Annotations

Branches:
Dungeon (5/15)
 Temple: D:4-7

Altars:

Annotations:
D:5 Sigmund


Innate Abilities, Weirdness & Mutations

You are too large for most types of armour.
You have tough skin. (AC +1)


Message History

You are too confused!
You are too confused!
You are too confused!
You are too confused!
You are too confused!
You are too confused!
You are too confused!
You are too confused!
You are too confused!
You are too confused!
You are too confused!
You are too confused!
You feel yourself speed up. Sigmund hits you with a +0 scythe.
Sigmund hits you with a +0 scythe. Sigmund barely misses you.
You completely miss Sigmund.
Sigmund is moderately wounded.
You feel less confused. Sigmund hits you but does no damage.
You thump Sigmund!
Sigmund is severely wounded.
You closely miss Sigmund.
Sigmund is severely wounded.
Sigmund flickers, as though insubstantial.
Sigmund hits you but does no damage.
You hit Sigmund but do no damage.
Sigmund is severely wounded.
Sigmund casts a spell.
Sigmund flickers and vanishes!
Deactivating autopickup; reactivate with Ctrl-A.
You miss something. You hit something but do no damage.
You hear some strange, mumbled words.
A magic dart appears from out of thin air!
The magic dart hits you!
* * * LOW HITPOINT WARNING * * *
You hit something but do no damage. Something hits you.
* * * LOW HITPOINT WARNING * * *
You closely miss something. Something hits you!
You die...

...#......#........
...#......#........
...#......#........ .
..##....###...##### ...
..##....###...##..####...
..............#?.........
..............#..........
..............#..........
..............#.@........
..............#..{.......
..............#.....##...
#.####..##...###....# ..
#.####..##...###....##
.....................+
.....................#
.....................#
######################


There were no monsters in sight!

Vanquished Creatures
  A shadow imp (D:5)
1 creature vanquished.

Notes
Turn   | Place    | Note
-------+----------+-------------------------------------------
     0 | D:5      | AttackTheMoon the Ogre Delver began the quest for the Orb.
     0 | D:5      | Reached XP level 1. HP: 24/24 MP: 1/1
    61 | D:5      | Reached XP level 2. HP: 20/33 MP: 2/2
   198 | D:5      | Noticed Sigmund
   220 | D:5      | Slain by Sigmund

Illustrated notes

Levels and vault maps discovered:
D:5:      layout_gridville, nicolae_stop_n_shop_1, uniq_sigmund

Skill      XL: |  1 |
---------------+----+-----
Maces & Flails | 2 |  2.1
Fighting       | |  4.4
Dodging        | |  1.7
Stealth        | |  3.7

Action                   || total
-------------------------++-------
Melee: Mace              ||    21
  Use: Potion            ||     1
Armor: Robe              ||     6
Dodge: Dodged            ||     5
